 Dungeon Crawl Stone Soup version 0.28-a0-697-g47f3eba078 (webtiles) character file.

Game seed: 12650971593761714167

432 KoroneIsBestGirl the Chiller (level 7, -5/46 HPs)
             Began as a Barachi Ice Elementalist on Oct 23, 2021.
             Was an Initiate of Ru.
             Slain by an ice beast (12 damage)
             ... on level 5 of the Dungeon.
             The game lasted 00:07:22 (5186 turns).

KoroneIsBestGirl the Chiller (BaIE)                 Turns: 5186, Time: 00:07:22

Health: -5/46      AC:  3    Str: 15    XL:     7   Next: 0%
Magic:  13/13      EV: 13    Int: 17    God:    Ru [......]
Gold:   155        SH:  4    Dex: 13    Spells: 10/14 levels left

rFire   . . .      SeeInvis .   k - +2 dagger (vamp)
rCold   . . .      Faith    .   p - +0 buckler
rNeg    . . .      Spirit   .   a - +0 robe
rPois   .          Reflect  .   (no helmet)
rElec   .          Harm     .   (no cloak)
rCorr   +          Rampage  .   s - +0 pair of gloves
Will    .....                   (no boots)
Stlth   ..........              (no amulet)
HPRegen 0.15/turn               m - +6 ring of strength
MPRegen 0.13/turn               i - ring of resist corrosion

@: unable to hop, attractive, very slightly contaminated, invisible, slow
A: amphibious, slowness 1, no stealth, strong legs 1, +LOS
a: Hop, Renounce Religion


You were on level 5 of the Dungeon.
You worshipped Ru.
Ru was noncommittal.
You visited 1 branch of the dungeon, and saw 5 of its levels.

You collected 155 gold pieces.

Inventory:

Hand Weapons
 k - a +2 vampiric dagger (weapon)
Armour
 a - a +0 robe (worn)
 p - a +0 buckler (worn)
 s - a +0 pair of gloves (worn)
Jewellery
 i - a ring of resist corrosion (right hand)
 m - a +6 ring of strength (left hand)
 q - a ring of protection from cold
 v - a ring of positive energy
Wands
 h - a wand of paralysis (5)
Scrolls
 c - 3 scrolls of fog
 e - 3 scrolls of noise
 g - 2 scrolls of magic mapping
 l - a scroll of identify
Potions
 b - 3 potions of curing
 j - a potion of attraction
 n - a potion of magic {unknown}
 o - 2 potions of heal wounds {unknown}
 t - a potion of lignification {unknown}
 u - a potion of might {unknown}


   Skills:
 + Level 4.4 Dodging
 * Level 2.7 Shields
 + Level 4.2 Spellcasting
 + Level 6.6 Ice Magic


You had 10 spell levels left.
You knew the following spells:

 Your Spells              Type           Power      Damage    Failure   Level
a - Freeze                Ice            100%       1d11      1%          1
b - Frozen Ramparts       Ice            52%        1d7       3%          3

Your spell library contained the following spells:

 Spells                   Type           Power      Damage    Failure   Level
 Ozocubu's Armour         Ice            26%        N/A       3%          3
 Summon Small Mammal      Summ           12%        N/A       19%         1
 Hailstorm                Conj/Ice       14%        3d5       41%         4
 Ice Form                 Ice/Tmut       14%        N/A       41%         4
 Call Canine Familiar     Summ           3%         N/A       47%         3
 Summon Guardian Golem    Hex/Summ       3%         N/A       47%         3
 Simulacrum               Ice/Necr       7%         N/A       100%        6


Dungeon Overview and Level Annotations

Branches:
Dungeon (5/15)             Temple (0/1) D:5

Altars:
Ashenzari
Makhleb
Okawaru
Ru
Xom

Shops:
D:3 *   D:4 *


Innate Abilities, Weirdness & Mutations

You are amphibious.
You cover ground slowly.
You cannot be stealthy.
You can hop short distances.
You have an extended range of vision and can be seen from far away.


Message History

Boing!
As you read the scroll labelled COPHEOJOSH, it crumbles to dust.
A profound silence engulfs you.
It was a scroll of silence.
An ice beast is nearby!
An ice beast is nearby!
There is an open door here.
Your hearing returns.
It was a potion of curing.
You feel better.
It was a potion of cancellation.
You feel magically purged. The ice beast misses you.
It was a potion of attraction.
You feel attractive to monsters. The ice beast closely misses you.
It was a potion of invisibility.
You fade into invisibility!
The ice beast misses you.
You are very lightly contaminated with residual magic.
Okay, then.
You hit the ice beast.
You feel better.
The ice beast is heavily wounded.
The ice beast barely misses you.
You closely miss the ice beast.
The ice beast is heavily wounded.
The ice beast hits you but does no damage.
You hit the ice beast.
The ice beast is severely wounded.
The ice beast closely misses you.
You hit the ice beast but do no damage.
The ice beast is severely wounded.
The ice beast misses you.
You barely miss the ice beast.
The ice beast is severely wounded.
The ice beast hits you. The ice beast freezes you!
* * * LOW HITPOINT WARNING * * *
You hit the ice beast but do no damage.
The ice beast is severely wounded.
The ice beast closely misses you. The ice beast hits you.
* * * LOW HITPOINT WARNING * * *
The ice beast freezes you!
You die...

#........≈≈≈...........
..#####.≈≈≈≈≈........#.
#......≈≈≈§§§≈.........
+<.....≈§≈>§§§.........
#......≈≈≈≈≈≈≈.##########
+.......≈≈§§≈...........#
#........≈≈≈..##........#
#.........######).......+
################@.......#
#.......Y........+
#.#######........# #.#
#........# #Y# #........#
#.# #........# #.#
#####........# #.#
#............# #.#
#...........##


You could see an ice beast.

Vanquished Creatures
  An ogre (D:4)
  A centaur (D:4)
  A crimson imp (D:4)
  An iguana (D:5)
  8 adders
  5 river rats (D:3)
  A white imp (D:3)
  An adder skeleton (D:4)
  4 worms
  An orc (D:4)
  3 endoplasms
  4 giant cockroaches
  7 goblins
  11 hobgoblins
  4 jackals (D:2)
  2 quokkas
  A ball python (D:2)
  8 bats
  5 frilled lizards
  8 kobolds
  11 rats
88 creatures vanquished.

Notes
Turn   | Place    | Note
-------+----------+-------------------------------------------
     0 | D:1      | KoroneIsBestGirl the Barachi Ice Elementalist began the
                  | quest for the Orb.
     0 | D:1      | Reached XP level 1. HP: 13/13 MP: 3/3
   223 | D:1      | Reached skill level 5 in Ice Magic
   272 | D:1      | Reached XP level 2. HP: 18/19 MP: 1/5
  1022 | D:1      | Reached XP level 3. HP: 22/24 MP: 5/7
  1034 | D:1      | Learned a level 3 spell: Frozen Ramparts
  1548 | D:2      | Reached XP level 4. HP: 19/30 MP: 2/8
  1982 | D:2      | Found an iron altar of Okawaru.
  2137 | D:2      | Found a faded altar of an unknown god.
  2300 | D:2      | Prayed at the altar of an unknown god.
  2300 | D:2      | Became a worshipper of Ru the Awakened
  2314 | D:2      | Gained mutation: You cannot be stealthy. [Ru sacrifice]
  2574 | D:3      | Reached XP level 5. HP: 6/35 MP: 1/10
  2954 | D:3      | Found a glowing drain.
  3302 | D:3      | Found Fechoem's General Store.
  3436 | D:3      | Reached skill level 6 in Ice Magic
  3979 | D:4      | Found a broken altar of Ashenzari.
  4055 | D:4      | Noticed a centaur
  4060 | D:4      | Killed a centaur
  4061 | D:4      | Reached skill level 1 in Shields
  4061 | D:4      | Reached XP level 6. HP: 14/41 MP: 4/11
  4425 | D:4      | Found Zecenyirebbu's Assorted Antiques.
  4828 | D:4      | Found a shimmering altar of Xom.
  4831 | D:4      | Found a burning altar of Makhleb.
  4945 | D:5      | Entered Level 5 of the Dungeon
  4946 | D:5      | Found a staircase to the Ecumenical Temple.
  5035 | D:5      | Reached XP level 7. HP: 39/46 MP: 9/13
  5186 | D:5      | Slain by an ice beast

Illustrated notes

Levels and vault maps discovered:
D:1:      shiori_arrival_maze, layout_loops_cross
D:2:      layout_basic, ebering_ecumenical_altar_webs, minmay_misc_feat_rows,
          minmay_misc_feat_room, kennysheep_flooded_box
D:3:      layout_loops_ring, lightli_sewer_entry_pipes, serial_shops,
          shop_fountains, minmay_ruptured
D:4:      layout_loops_ring, grunt_temple_overflow_champion_of_chaos,
          ashenzari_altar_1, serial_shops,
          nicolae_shop_temple_entry_statues_fountains
D:5:      layout_basic, minmay_temple_entry_mist

Skill      XL: |  1  2  3  4  5  6 |
---------------+-------------------+-----
Ice Magic      | 5 6 |  6.6
Dodging        | 3 4 |  4.4
Spellcasting   | 3 4 |  4.2
Stealth        | 0 |  0.0
Shields        | 1 2 |  2.7

Action                   |  1- 3 |  4- 6 |  7- 9 || total
-------------------------+-------+-------+-------++-------
Melee: Unarmed           |     5 |       |       ||     5
       Short sword       |    21 |     3 |       ||    24
       Dagger            |       |    28 |    26 ||    54
 Cast: Freeze            |    45 |    75 |       ||   120
       Frozen Ramparts   |     1 |     7 |     2 ||    10
Invok: Sacrifice Stealth |       |     1 |       ||     1
 Abil: Hop               |       |       |     1 ||     1
  Use: Scroll            |       |     3 |     1 ||     4
       Potion            |       |       |     4 ||     4
Armor: Robe              |    10 |    16 |     6 ||    32
Dodge: Dodged            |    42 |    56 |    17 ||   115
Block: Buckler           |       |     6 |     3 ||     9

Table legend: (Time is in decaauts)
 A = Elapsed time spent in this place.
 B = Non-inter-level travel time spent in this place.
 C = Inter-level travel time spent in this place.
 D = Time resting spent in this place.
 E = Time spent auto-exploring this place.
 F = Levels seen in this place.
 G = Mean time per level.
                   A        B        C        D        E       F      G
               +--------+--------+--------+--------+--------+-----+--------+
         Total |   5678 |   5426 |    252 |    423 |   4308 |   5 | 1135.6 |
       Dungeon |   5678 |   5426 |    252 |    423 |   4308 |   5 | 1135.6 |
               +--------+--------+--------+--------+--------+-----+--------+

Top non-repeatable levels by time:
     D:3: 1727 daAuts
     D:2: 1360 daAuts
     D:1: 1250 daAuts
     D:4: 1081 daAuts
     D:5: 258 daAuts
